 Dungeon Crawl Stone Soup version 0.18-a0-316-gf882de5 (console) character file.

706 endege the Slicer (level 7, 37/37 HPs)
             Began as a Spriggan Berserker on Nov 27, 2015.
             Was a Priest of Trog.
             Quit the game on level 6 of the Dungeon.
             The game lasted 00:08:21 (4409 turns).

endege the Slicer (Spriggan Berserker)              Turns: 4409, Time: 00:08:21

Health: 37/37      AC:  5    Str: 13    XL:     7   Next: 39%
Magic:  8/8        EV: 20    Int:  9    God:    Trog [***...]
Gold:   174        SH:  0    Dex: 17    Spells: 0 memorised, 6 levels left

rFire  . . .     SeeInvis +     Y - +4 short sword (elec)
rCold  + + .     Clarity  .     p - +2 robe {rC+}
rNeg   . . .     SustAt   .     (shield restricted)
rPois  .         Gourm    .     (helmet restricted)
rElec  .         Spirit   .     i - +0 cloak
rCorr  .         Warding  .     (gloves unavailable)
rMut   .         Stasis   .     (boots unavailable)
MR     +....                    (no amulet)
Stlth  ++........               (no ring)
                                b - ring of protection from cold

@: starving, very quick, somewhat resistant to hostile enchantments, unstealthy
A: unfitting armour, see invisible, herbivore 3, speed 3, slow metabolism 2
a: Berserk, Trog's Hand, Burn Spellbooks, Renounce Religion


You were on level 6 of the Dungeon.
You worshipped Trog.
Trog was most pleased with you.
You were starving.

You visited 1 branch of the dungeon, and saw 6 of its levels.

You collected 190 gold pieces.
You spent 16 gold pieces at shops.


Innate Abilities, Weirdness & Mutations

You are tiny and cannot use many weapons and most armour.
You have supernaturally acute eyesight.
You are a herbivore.
You cover ground extremely quickly.
You need consume almost no food.


   Skills:
 + Level 4.2 Fighting
 + Level 8.4 Short Blades
 - Level 4.4 Dodging


You had 6 spell levels left.
You didn't know any spells.

Inventory:

Hand Weapons
 Y - a +4 short sword of electrocution (weapon)
Armour
 i - a +0 cloak (worn)
 p - a +2 robe of cold resistance (worn)
Jewellery
 b - a ring of protection from cold (left hand)
Scrolls
 l - a scroll of remove curse
Potions
 a - a potion of ambrosia {unknown}
 c - 2 potions of might
 d - a potion of cancellation {unknown}
 e - 3 potions of curing
 f - a potion of resistance
 h - a potion of magic {unknown}
 k - a potion of heal wounds
 n - a potion of haste {unknown}
 o - a potion of cure mutation {unknown}

Dungeon Overview and Level Annotations

Branches:
Dungeon (6/15)
 Temple: D:4-7

Altars:
Fedhas
Gozag
Qazlal
Ru
The Shining One

Shops:
D:4 [


Message History

You need to eat something NOW!
(D) Dungeon
Where to? (Enter - D:7, ? - help) Sorry, I don't know how to get there.
4406 ||| Stepping randomly (starving).
You need to eat something NOW!
(D) Dungeon
Where to? (Enter - D:7, ? - help) Sorry, I don't know how to get there.
4407 ||| Stepping randomly (starving).
You need to eat something NOW!
(D) Dungeon
Where to? (Enter - D:7, ? - help) Sorry, I don't know how to get there.
4408 ||| Stepping randomly (starving).
You need to eat something NOW!
(D) Dungeon
Where to? (Enter - D:7, ? - help) Sorry, I don't know how to get there.
Are you sure you want to abandon this character and quit the game? (Confirm with "yes".)

#########
#.@.....#
#.......#
#.......####
###.....<....#
#............#
#.#.......##.#
#.#.......# .#
#.####.#### .#
#. #.# .# #.
..# .# #. ....
.#


There were no monsters in sight!

Vanquished Creatures
  Sigmund (D:5)
  A wasp (D:4)
  A giant frog (D:5)
  The ghost of xeno23 the Gusty, a weakling DgAE (D:3)
  A crimson imp (D:5)
  A jelly (D:5)
  An orc priest (D:4)
  Ijyb (D:3)
  2 worker ants
  An iguana (D:4)
  2 orc wizards (D:4)
  Robin (D:3)
  An adder (D:1)
  2 worms
  12 orcs
  6 bats
  3 giant cockroaches
  17 hobgoblins
  4 jackals (D:5)
  7 kobolds
  2 quokkas
  2 ball pythons
  A giant newt (D:2)
  16 goblins
  9 rats
96 creatures vanquished.

Notes
Turn   | Place    | Note
--------------------------------------------------------------
     0 | D:1      | endege the Spriggan Berserker began the quest for the Orb.
     0 | D:1      | Reached XP level 1. HP: 11/11 MP: 2/2
     0 | D:1      | 0 ||| counter = 43
     0 | D:1      | 0 ||| EATING bread ration.
    57 | D:1      | 57 ||| UPGRADING to runed dagger.
    58 | D:1      | 58 ||| DROPPING +0 short sword.
   260 | D:1      | You fall through a shaft!
   261 | D:2      | 261 ||| Shafted from D:1 to D:2.
   300 | D:2      | 300 ||| UPGRADING to glowing short sword.
   301 | D:2      | 301 ||| DROPPING +0 dagger of speed.
   317 | D:2      | Reached XP level 2. HP: 16/16 MP: 3/3
   365 | D:1      | 365 ||| Successfully unshafted to D:1.
   566 | D:1      | Reached XP level 3. HP: 17/19 MP: 4/4
   570 | D:1      | Reached ** piety under Trog
   971 | D:1      | 971 ||| READING scroll labeled LIUKHI VORARCHA.
   972 | D:1      | 972 ||| READING scroll labeled NUD OGEKEA.
   973 | D:1      | 973 ||| READING scroll labeled LEARGH HEDGHY.
   974 | D:1      | 974 ||| READING scroll labeled VOIKHE FETU.
   975 | D:1      | 975 ||| READING scroll labeled PAKEOF ZAZEUD.
   976 | D:1      | 976 ||| READING scroll labeled JABOZX XEIWUKU.
   977 | D:1      | 977 ||| DRINKING 2 yellow potions.
   978 | D:1      | 978 ||| DRINKING 2 amethyst potions.
   979 | D:1      | 979 ||| DROPPING potion of brilliance.
  1519 | D:2      | 1519 ||| READING scroll labeled ZUJATO QIRPHOJE.
  1522 | D:2      | 1522 ||| READING 3 scrolls labeled RIEBIM SEDOMU.
  1523 | D:2      | 1523 ||| READING scroll labeled CIRPHI QULAE.
  1524 | D:2      | 1524 ||| DROPPING 2 scrolls of magic mapping.
  1567 | D:3      | 1567 ||| STAIRDANCE
  1642 | D:3      | 1642 ||| READING scroll of enchant weapon.
  1642 | D:3      | 1642 ||| ENCHANTING +3 short sword of electrocution.
  1689 | D:3      | Noticed xeno23's ghost (weakling DgAE)
  1694 | D:3      | 1694 ||| INVOKING Berserk.
  1699 | D:3      | Killed xeno23's ghost
  1699 | D:3      | Reached skill level 5 in Short Blades
  1699 | D:3      | Reached XP level 4. HP: 23/23 MP: 5/5
  1754 | D:3      | Noticed Ijyb
  1759 | D:3      | 1759 ||| INVOKING Berserk.
  1761 | D:3      | Killed Ijyb
  1765 | D:3      | HP: 2/23 [hobgoblin/war axe (4)]
  2142 | D:3      | Noticed Robin
  2145 | D:3      | 2145 ||| Stepping ~*~*~tactically~*~*~ (outnumbered).
  2149 | D:3      | 2149 ||| Stepping ~*~*~tactically~*~*~ (outnumbered).
  2151 | D:3      | 2151 ||| Stepping ~*~*~tactically~*~*~ (outnumbered).
  2154 | D:3      | 2154 ||| INVOKING Berserk.
  2158 | D:3      | Killed Robin
  2161 | D:3      | Reached XP level 5. HP: 28/28 MP: 6/6
  2165 | D:3      | Reached skill level 3 in Fighting
  2565 | D:3      | 2565 ||| Stepping ~*~*~tactically~*~*~ (outnumbered).
  2567 | D:3      | Reached skill level 6 in Short Blades
  2586 | D:3      | 2586 ||| Stepping ~*~*~tactically~*~*~ (outnumbered).
  2691 | D:3      | 2691 ||| UPGRADING to cloak.
  2696 | D:3      | 2696 ||| READING scroll labeled YJIATSI VOCEE.
  2697 | D:3      | 2697 ||| READING scroll labeled JEUZOE WAOXUZ.
  2698 | D:3      | 2698 ||| DRINKING 2 blue potions.
  2699 | D:3      | 2699 ||| DRINKING 2 bubbling blue potions.
  2700 | D:3      | 2700 ||| READING 2 scrolls of identify.
  2700 | D:3      | 2700 ||| IDENTIFYING glass ring
  2701 | D:3      | 2701 ||| DROPPING ring of see invisible.
  2702 | D:3      | 2702 ||| READING scroll of identify.
  2702 | D:3      | 2702 ||| IDENTIFYING moonstone ring
  2703 | D:3      | 2703 ||| DROPPING ring of stealth.
  2704 | D:3      | 2704 ||| DROPPING wand of enslavement.
  2745 | D:4      | 2745 ||| STAIRDANCE
  2756 | D:3      | Reached *** piety under Trog
  3093 | D:4      | Noticed a wasp
  3101 | D:4      | 3101 ||| INVOKING Berserk.
  3102 | D:4      | Killed a wasp
  3102 | D:4      | Reached XP level 6. HP: 18/32 MP: 7/7
  3116 | D:4      | HP: 8/32 [poisoned by a wasp]
  3337 | D:4      | 3337 ||| Stepping ~*~*~tactically~*~*~ (outnumbered).
  3339 | D:4      | 3339 ||| Stepping ~*~*~tactically~*~*~ (outnumbered).
  3353 | D:4      | 3353 ||| INVOKING Berserk.
  3355 | D:4      | Reached skill level 7 in Short Blades
  3659 | D:4      | Found Naifya's Antique Armour Shoppe.
  3668 | D:4      | Bought an embroidered robe for 16 gold pieces
  3676 | D:4      | 3676 ||| INVOKING Berserk.
  3775 | D:4      | Found a stormy altar of Qazlal.
  3799 | D:4      | Found a sacrificial altar of Ru.
  3800 | D:4      | Found a blossoming altar of Fedhas.
  3802 | D:4      | Found a glowing golden altar of the Shining One.
  3803 | D:4      | Found an opulent altar of Gozag.
  3839 | D:4      | 3839 ||| UPGRADING to embroidered robe.
  3849 | D:4      | 3849 ||| DROPPING +0 animal skin.
  3850 | D:4      | 3850 ||| READING scroll labeled MYOMUIF UMU.
  3851 | D:4      | 3851 ||| DRINKING 3 bubbling purple potions.
  3852 | D:4      | 3852 ||| READING 2 scrolls of identify.
  3852 | D:4      | 3852 ||| IDENTIFYING large marble ring
  3853 | D:4      | 3853 ||| DROPPING cursed ring of teleportation.
  3874 | D:5      | Entered Level 5 of the Dungeon
  3887 | D:5      | Noticed Sigmund
  3892 | D:5      | 3892 ||| INVOKING Berserk.
  3895 | D:5      | Killed Sigmund
  3895 | D:5      | Reached XP level 7. HP: 37/37 MP: 8/8
  4026 | D:5      | Reached skill level 8 in Short Blades
  4038 | D:6      | 4038 ||| STAIRDANCE
  4046 | D:6      | 4046 ||| Stepping randomly (starving).
  4047 | D:6      | 4047 ||| Stepping randomly (starving).
  4048 | D:6      | 4048 ||| Stepping randomly (starving).
  4049 | D:6      | 4049 ||| Stepping randomly (starving).
  4050 | D:6      | 4050 ||| Stepping randomly (starving).
  4051 | D:6      | 4051 ||| Stepping randomly (starving).
  4052 | D:6      | 4052 ||| Stepping randomly (starving).
  4053 | D:6      | 4053 ||| Stepping randomly (starving).
  4054 | D:6      | 4054 ||| Stepping randomly (starving).
  4055 | D:6      | 4055 ||| Stepping randomly (starving).
  4056 | D:6      | 4056 ||| Stepping randomly (starving).
  4057 | D:6      | 4057 ||| Stepping randomly (starving).
  4058 | D:6      | 4058 ||| Stepping randomly (starving).
  4059 | D:6      | 4059 ||| Stepping randomly (starving).
  4060 | D:6      | 4060 ||| Stepping randomly (starving).
  4061 | D:6      | 4061 ||| Stepping randomly (starving).
  4062 | D:6      | 4062 ||| Stepping randomly (starving).
  4063 | D:6      | 4063 ||| Stepping randomly (starving).
  4064 | D:6      | 4064 ||| Stepping randomly (starving).
  4065 | D:6      | 4065 ||| Stepping randomly (starving).
  4066 | D:6      | 4066 ||| Stepping randomly (starving).
  4067 | D:6      | 4067 ||| Stepping randomly (starving).
  4068 | D:6      | 4068 ||| Stepping randomly (starving).
  4069 | D:6      | 4069 ||| Stepping randomly (starving).
  4070 | D:6      | 4070 ||| Stepping randomly (starving).
  4071 | D:6      | 4071 ||| Stepping randomly (starving).
  4072 | D:6      | 4072 ||| Stepping randomly (starving).
  4073 | D:6      | 4073 ||| Stepping randomly (starving).
  4074 | D:6      | 4074 ||| Stepping randomly (starving).
  4075 | D:6      | 4075 ||| Stepping randomly (starving).
  4076 | D:6      | 4076 ||| Stepping randomly (starving).
  4077 | D:6      | 4077 ||| Stepping randomly (starving).
  4078 | D:6      | 4078 ||| Stepping randomly (starving).
  4079 | D:6      | 4079 ||| Stepping randomly (starving).
  4080 | D:6      | 4080 ||| Stepping randomly (starving).
  4081 | D:6      | 4081 ||| Stepping randomly (starving).
  4082 | D:6      | 4082 ||| Stepping randomly (starving).
  4083 | D:6      | 4083 ||| Stepping randomly (starving).
  4084 | D:6      | 4084 ||| Stepping randomly (starving).
  4085 | D:6      | 4085 ||| Stepping randomly (starving).
  4086 | D:6      | 4086 ||| Stepping randomly (starving).
  4087 | D:6      | 4087 ||| Stepping randomly (starving).
  4088 | D:6      | 4088 ||| Stepping randomly (starving).
  4089 | D:6      | 4089 ||| Stepping randomly (starving).
  4090 | D:6      | 4090 ||| Stepping randomly (starving).
  4091 | D:6      | 4091 ||| Stepping randomly (starving).
  4092 | D:6      | 4092 ||| Stepping randomly (starving).
  4093 | D:6      | 4093 ||| Stepping randomly (starving).
  4094 | D:6      | 4094 ||| Stepping randomly (starving).
  4095 | D:6      | 4095 ||| Stepping randomly (starving).
  4096 | D:6      | 4096 ||| Stepping randomly (starving).
  4097 | D:6      | 4097 ||| Stepping randomly (starving).
  4098 | D:6      | 4098 ||| Stepping randomly (starving).
  4099 | D:6      | 4099 ||| Stepping randomly (starving).
  4100 | D:6      | 4100 ||| Stepping randomly (starving).
  4101 | D:6      | 4101 ||| Stepping randomly (starving).
  4102 | D:6      | 4102 ||| Stepping randomly (starving).
  4103 | D:6      | 4103 ||| Stepping randomly (starving).
  4104 | D:6      | 4104 ||| Stepping randomly (starving).
  4105 | D:6      | 4105 ||| Stepping randomly (starving).
  4106 | D:6      | 4106 ||| Stepping randomly (starving).
  4107 | D:6      | 4107 ||| Stepping randomly (starving).
  4108 | D:6      | 4108 ||| Stepping randomly (starving).
  4109 | D:6      | 4109 ||| Stepping randomly (starving).
  4110 | D:6      | 4110 ||| Stepping randomly (starving).
  4111 | D:6      | 4111 ||| Stepping randomly (starving).
  4112 | D:6      | 4112 ||| Stepping randomly (starving).
  4113 | D:6      | 4113 ||| Stepping randomly (starving).
  4114 | D:6      | 4114 ||| Stepping randomly (starving).
  4115 | D:6      | 4115 ||| Stepping randomly (starving).
  4116 | D:6      | 4116 ||| Stepping randomly (starving).
  4117 | D:6      | 4117 ||| Stepping randomly (starving).
  4118 | D:6      | 4118 ||| Stepping randomly (starving).
  4119 | D:6      | 4119 ||| Stepping randomly (starving).
  4120 | D:6      | 4120 ||| Stepping randomly (starving).
  4121 | D:6      | 4121 ||| Stepping randomly (starving).
  4122 | D:6      | 4122 ||| Stepping randomly (starving).
  4123 | D:6      | 4123 ||| Stepping randomly (starving).
  4124 | D:6      | 4124 ||| Stepping randomly (starving).
  4125 | D:6      | 4125 ||| Stepping randomly (starving).
  4126 | D:6      | 4126 ||| Stepping randomly (starving).
  4127 | D:6      | 4127 ||| Stepping randomly (starving).
  4128 | D:6      | 4128 ||| Stepping randomly (starving).
  4129 | D:6      | 4129 ||| Stepping randomly (starving).
  4130 | D:6      | 4130 ||| Stepping randomly (starving).
  4131 | D:6      | 4131 ||| Stepping randomly (starving).
  4132 | D:6      | 4132 ||| Stepping randomly (starving).
  4133 | D:6      | 4133 ||| Stepping randomly (starving).
  4134 | D:6      | 4134 ||| Stepping randomly (starving).
  4135 | D:6      | 4135 ||| Stepping randomly (starving).
  4136 | D:6      | 4136 ||| Stepping randomly (starving).
  4137 | D:6      | 4137 ||| Stepping randomly (starving).
  4138 | D:6      | 4138 ||| Stepping randomly (starving).
  4139 | D:6      | 4139 ||| Stepping randomly (starving).
  4140 | D:6      | 4140 ||| Stepping randomly (starving).
  4141 | D:6      | 4141 ||| Stepping randomly (starving).
  4142 | D:6      | 4142 ||| Stepping randomly (starving).
  4143 | D:6      | 4143 ||| Stepping randomly (starving).
  4144 | D:6      | 4144 ||| Stepping randomly (starving).
  4145 | D:6      | 4145 ||| Stepping randomly (starving).
  4146 | D:6      | 4146 ||| Stepping randomly (starving).
  4147 | D:6      | 4147 ||| Stepping randomly (starving).
  4148 | D:6      | 4148 ||| Stepping randomly (starving).
  4149 | D:6      | 4149 ||| Stepping randomly (starving).
  4151 | D:6      | 4151 ||| READING scroll of identify.
  4151 | D:6      | 4151 ||| IDENTIFYING golden ring
  4152 | D:6      | 4152 ||| UPGRADING to ring of protection from cold.
  4153 | D:6      | 4153 ||| Stepping randomly (starving).
  4154 | D:6      | 4154 ||| Stepping randomly (starving).
  4155 | D:6      | 4155 ||| Stepping randomly (starving).
  4156 | D:6      | 4156 ||| Stepping randomly (starving).
  4157 | D:6      | 4157 ||| Stepping randomly (starving).
  4158 | D:6      | 4158 ||| Stepping randomly (starving).
  4159 | D:6      | 4159 ||| Stepping randomly (starving).
  4160 | D:6      | 4160 ||| Stepping randomly (starving).
  4161 | D:6      | 4161 ||| Stepping randomly (starving).
  4162 | D:6      | 4162 ||| Stepping randomly (starving).
  4163 | D:6      | 4163 ||| Stepping randomly (starving).
  4164 | D:6      | 4164 ||| Stepping randomly (starving).
  4165 | D:6      | 4165 ||| Stepping randomly (starving).
  4166 | D:6      | 4166 ||| Stepping randomly (starving).
  4167 | D:6      | 4167 ||| Stepping randomly (starving).
  4168 | D:6      | 4168 ||| Stepping randomly (starving).
  4169 | D:6      | 4169 ||| Stepping randomly (starving).
  4170 | D:6      | 4170 ||| Stepping randomly (starving).
  4171 | D:6      | 4171 ||| Stepping randomly (starving).
  4172 | D:6      | 4172 ||| Stepping randomly (starving).
  4173 | D:6      | 4173 ||| Stepping randomly (starving).
  4174 | D:6      | 4174 ||| Stepping randomly (starving).
  4175 | D:6      | 4175 ||| Stepping randomly (starving).
  4176 | D:6      | 4176 ||| Stepping randomly (starving).
  4177 | D:6      | 4177 ||| Stepping randomly (starving).
  4178 | D:6      | 4178 ||| Stepping randomly (starving).
  4179 | D:6      | 4179 ||| Stepping randomly (starving).
  4180 | D:6      | 4180 ||| Stepping randomly (starving).
  4181 | D:6      | 4181 ||| Stepping randomly (starving).
  4182 | D:6      | 4182 ||| Stepping randomly (starving).
  4183 | D:6      | 4183 ||| Stepping randomly (starving).
  4184 | D:6      | 4184 ||| Stepping randomly (starving).
  4185 | D:6      | 4185 ||| Stepping randomly (starving).
  4186 | D:6      | 4186 ||| Stepping randomly (starving).
  4187 | D:6      | 4187 ||| Stepping randomly (starving).
  4188 | D:6      | 4188 ||| Stepping randomly (starving).
  4189 | D:6      | 4189 ||| Stepping randomly (starving).
  4190 | D:6      | 4190 ||| Stepping randomly (starving).
  4191 | D:6      | 4191 ||| Stepping randomly (starving).
  4192 | D:6      | 4192 ||| Stepping randomly (starving).
  4193 | D:6      | 4193 ||| Stepping randomly (starving).
  4194 | D:6      | 4194 ||| Stepping randomly (starving).
  4195 | D:6      | 4195 ||| Stepping randomly (starving).
  4196 | D:6      | 4196 ||| Stepping randomly (starving).
  4197 | D:6      | 4197 ||| Stepping randomly (starving).
  4198 | D:6      | 4198 ||| Stepping randomly (starving).
  4199 | D:6      | 4199 ||| Stepping randomly (starving).
  4200 | D:6      | 4200 ||| Stepping randomly (starving).
  4201 | D:6      | 4201 ||| Stepping randomly (starving).
  4202 | D:6      | 4202 ||| Stepping randomly (starving).
  4203 | D:6      | 4203 ||| Stepping randomly (starving).
  4204 | D:6      | 4204 ||| Stepping randomly (starving).
  4205 | D:6      | 4205 ||| Stepping randomly (starving).
  4206 | D:6      | 4206 ||| Stepping randomly (starving).
  4207 | D:6      | 4207 ||| Stepping randomly (starving).
  4208 | D:6      | 4208 ||| Stepping randomly (starving).
  4209 | D:6      | 4209 ||| Stepping randomly (starving).
  4210 | D:6      | 4210 ||| Stepping randomly (starving).
  4211 | D:6      | 4211 ||| Stepping randomly (starving).
  4212 | D:6      | 4212 ||| Stepping randomly (starving).
  4213 | D:6      | 4213 ||| Stepping randomly (starving).
  4214 | D:6      | 4214 ||| Stepping randomly (starving).
  4215 | D:6      | 4215 ||| Stepping randomly (starving).
  4216 | D:6      | 4216 ||| Stepping randomly (starving).
  4217 | D:6      | 4217 ||| Stepping randomly (starving).
  4218 | D:6      | 4218 ||| Stepping randomly (starving).
  4219 | D:6      | 4219 ||| Stepping randomly (starving).
  4220 | D:6      | 4220 ||| Stepping randomly (starving).
  4221 | D:6      | 4221 ||| Stepping randomly (starving).
  4222 | D:6      | 4222 ||| Stepping randomly (starving).
  4223 | D:6      | 4223 ||| Stepping randomly (starving).
  4224 | D:6      | 4224 ||| Stepping randomly (starving).
  4225 | D:6      | 4225 ||| Stepping randomly (starving).
  4226 | D:6      | 4226 ||| Stepping randomly (starving).
  4227 | D:6      | 4227 ||| Stepping randomly (starving).
  4228 | D:6      | 4228 ||| Stepping randomly (starving).
  4229 | D:6      | 4229 ||| Stepping randomly (starving).
  4230 | D:6      | 4230 ||| Stepping randomly (starving).
  4231 | D:6      | 4231 ||| Stepping randomly (starving).
  4232 | D:6      | 4232 ||| Stepping randomly (starving).
  4233 | D:6      | 4233 ||| Stepping randomly (starving).
  4234 | D:6      | 4234 ||| Stepping randomly (starving).
  4235 | D:6      | 4235 ||| Stepping randomly (starving).
  4236 | D:6      | 4236 ||| Stepping randomly (starving).
  4237 | D:6      | 4237 ||| Stepping randomly (starving).
  4238 | D:6      | 4238 ||| Stepping randomly (starving).
  4239 | D:6      | 4239 ||| Stepping randomly (starving).
  4240 | D:6      | 4240 ||| Stepping randomly (starving).
  4241 | D:6      | 4241 ||| Stepping randomly (starving).
  4242 | D:6      | 4242 ||| Stepping randomly (starving).
  4243 | D:6      | 4243 ||| Stepping randomly (starving).
  4244 | D:6      | 4244 ||| Stepping randomly (starving).
  4245 | D:6      | 4245 ||| Stepping randomly (starving).
  4246 | D:6      | 4246 ||| Stepping randomly (starving).
  4247 | D:6      | 4247 ||| Stepping randomly (starving).
  4248 | D:6      | 4248 ||| Stepping randomly (starving).
  4249 | D:6      | 4249 ||| Stepping randomly (starving).
  4250 | D:6      | 4250 ||| Stepping randomly (starving).
  4251 | D:6      | 4251 ||| Stepping randomly (starving).
  4252 | D:6      | 4252 ||| Stepping randomly (starving).
  4253 | D:6      | 4253 ||| Stepping randomly (starving).
  4254 | D:6      | 4254 ||| Stepping randomly (starving).
  4255 | D:6      | 4255 ||| Stepping randomly (starving).
  4256 | D:6      | 4256 ||| Stepping randomly (starving).
  4257 | D:6      | 4257 ||| Stepping randomly (starving).
  4258 | D:6      | 4258 ||| Stepping randomly (starving).
  4259 | D:6      | 4259 ||| Stepping randomly (starving).
  4260 | D:6      | 4260 ||| Stepping randomly (starving).
  4261 | D:6      | 4261 ||| Stepping randomly (starving).
  4262 | D:6      | 4262 ||| Stepping randomly (starving).
  4263 | D:6      | 4263 ||| Stepping randomly (starving).
  4264 | D:6      | 4264 ||| Stepping randomly (starving).
  4265 | D:6      | 4265 ||| Stepping randomly (starving).
  4266 | D:6      | 4266 ||| Stepping randomly (starving).
  4267 | D:6      | 4267 ||| Stepping randomly (starving).
  4268 | D:6      | 4268 ||| Stepping randomly (starving).
  4269 | D:6      | 4269 ||| Stepping randomly (starving).
  4270 | D:6      | 4270 ||| Stepping randomly (starving).
  4271 | D:6      | 4271 ||| Stepping randomly (starving).
  4272 | D:6      | 4272 ||| Stepping randomly (starving).
  4273 | D:6      | 4273 ||| Stepping randomly (starving).
  4274 | D:6      | 4274 ||| Stepping randomly (starving).
  4275 | D:6      | 4275 ||| Stepping randomly (starving).
  4276 | D:6      | 4276 ||| Stepping randomly (starving).
  4277 | D:6      | 4277 ||| Stepping randomly (starving).
  4278 | D:6      | 4278 ||| Stepping randomly (starving).
  4279 | D:6      | 4279 ||| Stepping randomly (starving).
  4280 | D:6      | 4280 ||| Stepping randomly (starving).
  4281 | D:6      | 4281 ||| Stepping randomly (starving).
  4282 | D:6      | 4282 ||| Stepping randomly (starving).
  4283 | D:6      | 4283 ||| Stepping randomly (starving).
  4284 | D:6      | 4284 ||| Stepping randomly (starving).
  4285 | D:6      | 4285 ||| Stepping randomly (starving).
  4286 | D:6      | 4286 ||| Stepping randomly (starving).
  4287 | D:6      | 4287 ||| Stepping randomly (starving).
  4288 | D:6      | 4288 ||| Stepping randomly (starving).
  4289 | D:6      | 4289 ||| Stepping randomly (starving).
  4290 | D:6      | 4290 ||| Stepping randomly (starving).
  4291 | D:6      | 4291 ||| Stepping randomly (starving).
  4292 | D:6      | 4292 ||| Stepping randomly (starving).
  4293 | D:6      | 4293 ||| Stepping randomly (starving).
  4294 | D:6      | 4294 ||| Stepping randomly (starving).
  4295 | D:6      | 4295 ||| Stepping randomly (starving).
  4296 | D:6      | 4296 ||| Stepping randomly (starving).
  4297 | D:6      | 4297 ||| Stepping randomly (starving).
  4298 | D:6      | 4298 ||| Stepping randomly (starving).
  4299 | D:6      | 4299 ||| Stepping randomly (starving).
  4300 | D:6      | 4300 ||| Stepping randomly (starving).
  4301 | D:6      | 4301 ||| Stepping randomly (starving).
  4302 | D:6      | 4302 ||| Stepping randomly (starving).
  4303 | D:6      | 4303 ||| Stepping randomly (starving).
  4304 | D:6      | 4304 ||| Stepping randomly (starving).
  4305 | D:6      | 4305 ||| Stepping randomly (starving).
  4306 | D:6      | 4306 ||| Stepping randomly (starving).
  4307 | D:6      | 4307 ||| Stepping randomly (starving).
  4308 | D:6      | 4308 ||| Stepping randomly (starving).
  4309 | D:6      | 4309 ||| Stepping randomly (starving).
  4310 | D:6      | 4310 ||| Stepping randomly (starving).
  4311 | D:6      | 4311 ||| Stepping randomly (starving).
  4312 | D:6      | 4312 ||| Stepping randomly (starving).
  4313 | D:6      | 4313 ||| Stepping randomly (starving).
  4314 | D:6      | 4314 ||| Stepping randomly (starving).
  4315 | D:6      | 4315 ||| Stepping randomly (starving).
  4316 | D:6      | 4316 ||| Stepping randomly (starving).
  4317 | D:6      | 4317 ||| Stepping randomly (starving).
  4318 | D:6      | 4318 ||| Stepping randomly (starving).
  4319 | D:6      | 4319 ||| Stepping randomly (starving).
  4320 | D:6      | 4320 ||| Stepping randomly (starving).
  4321 | D:6      | 4321 ||| Stepping randomly (starving).
  4322 | D:6      | 4322 ||| Stepping randomly (starving).
  4323 | D:6      | 4323 ||| Stepping randomly (starving).
  4324 | D:6      | 4324 ||| Stepping randomly (starving).
  4325 | D:6      | 4325 ||| Stepping randomly (starving).
  4326 | D:6      | 4326 ||| Stepping randomly (starving).
  4327 | D:6      | 4327 ||| Stepping randomly (starving).
  4328 | D:6      | 4328 ||| Stepping randomly (starving).
  4329 | D:6      | 4329 ||| Stepping randomly (starving).
  4330 | D:6      | 4330 ||| Stepping randomly (starving).
  4331 | D:6      | 4331 ||| Stepping randomly (starving).
  4332 | D:6      | 4332 ||| Stepping randomly (starving).
  4333 | D:6      | 4333 ||| Stepping randomly (starving).
  4334 | D:6      | 4334 ||| Stepping randomly (starving).
  4335 | D:6      | 4335 ||| Stepping randomly (starving).
  4336 | D:6      | 4336 ||| Stepping randomly (starving).
  4337 | D:6      | 4337 ||| Stepping randomly (starving).
  4338 | D:6      | 4338 ||| Stepping randomly (starving).
  4339 | D:6      | 4339 ||| Stepping randomly (starving).
  4340 | D:6      | 4340 ||| Stepping randomly (starving).
  4341 | D:6      | 4341 ||| Stepping randomly (starving).
  4342 | D:6      | 4342 ||| Stepping randomly (starving).
  4343 | D:6      | 4343 ||| Stepping randomly (starving).
  4344 | D:6      | 4344 ||| Stepping randomly (starving).
  4345 | D:6      | 4345 ||| Stepping randomly (starving).
  4346 | D:6      | 4346 ||| Stepping randomly (starving).
  4347 | D:6      | 4347 ||| Stepping randomly (starving).
  4348 | D:6      | 4348 ||| Stepping randomly (starving).
  4349 | D:6      | 4349 ||| Stepping randomly (starving).
  4350 | D:6      | 4350 ||| Stepping randomly (starving).
  4351 | D:6      | 4351 ||| Stepping randomly (starving).
  4352 | D:6      | 4352 ||| Stepping randomly (starving).
  4353 | D:6      | 4353 ||| Stepping randomly (starving).
  4354 | D:6      | 4354 ||| Stepping randomly (starving).
  4355 | D:6      | 4355 ||| Stepping randomly (starving).
  4356 | D:6      | 4356 ||| Stepping randomly (starving).
  4357 | D:6      | 4357 ||| Stepping randomly (starving).
  4358 | D:6      | 4358 ||| Stepping randomly (starving).
  4359 | D:6      | 4359 ||| Stepping randomly (starving).
  4360 | D:6      | 4360 ||| Stepping randomly (starving).
  4361 | D:6      | 4361 ||| Stepping randomly (starving).
  4362 | D:6      | 4362 ||| Stepping randomly (starving).
  4363 | D:6      | 4363 ||| Stepping randomly (starving).
  4364 | D:6      | 4364 ||| Stepping randomly (starving).
  4365 | D:6      | 4365 ||| Stepping randomly (starving).
  4366 | D:6      | 4366 ||| Stepping randomly (starving).
  4367 | D:6      | 4367 ||| Stepping randomly (starving).
  4368 | D:6      | 4368 ||| Stepping randomly (starving).
  4369 | D:6      | 4369 ||| Stepping randomly (starving).
  4370 | D:6      | 4370 ||| Stepping randomly (starving).
  4371 | D:6      | 4371 ||| Stepping randomly (starving).
  4372 | D:6      | 4372 ||| Stepping randomly (starving).
  4373 | D:6      | 4373 ||| Stepping randomly (starving).
  4374 | D:6      | 4374 ||| Stepping randomly (starving).
  4375 | D:6      | 4375 ||| Stepping randomly (starving).
  4376 | D:6      | 4376 ||| Stepping randomly (starving).
  4377 | D:6      | 4377 ||| Stepping randomly (starving).
  4378 | D:6      | 4378 ||| Stepping randomly (starving).
  4379 | D:6      | 4379 ||| Stepping randomly (starving).
  4380 | D:6      | 4380 ||| Stepping randomly (starving).
  4381 | D:6      | 4381 ||| Stepping randomly (starving).
  4382 | D:6      | 4382 ||| Stepping randomly (starving).
  4383 | D:6      | 4383 ||| Stepping randomly (starving).
  4384 | D:6      | 4384 ||| Stepping randomly (starving).
  4385 | D:6      | 4385 ||| Stepping randomly (starving).
  4386 | D:6      | 4386 ||| Stepping randomly (starving).
  4387 | D:6      | 4387 ||| Stepping randomly (starving).
  4388 | D:6      | 4388 ||| Stepping randomly (starving).
  4389 | D:6      | 4389 ||| Stepping randomly (starving).
  4390 | D:6      | 4390 ||| Stepping randomly (starving).
  4391 | D:6      | 4391 ||| Stepping randomly (starving).
  4392 | D:6      | 4392 ||| Stepping randomly (starving).
  4393 | D:6      | 4393 ||| Stepping randomly (starving).
  4394 | D:6      | 4394 ||| Stepping randomly (starving).
  4395 | D:6      | 4395 ||| Stepping randomly (starving).
  4396 | D:6      | 4396 ||| Stepping randomly (starving).
  4397 | D:6      | 4397 ||| Stepping randomly (starving).
  4398 | D:6      | 4398 ||| Stepping randomly (starving).
  4399 | D:6      | 4399 ||| Stepping randomly (starving).
  4400 | D:6      | 4400 ||| Stepping randomly (starving).
  4401 | D:6      | 4401 ||| Stepping randomly (starving).
  4402 | D:6      | 4402 ||| Stepping randomly (starving).
  4403 | D:6      | 4403 ||| Stepping randomly (starving).
  4404 | D:6      | 4404 ||| Stepping randomly (starving).
  4405 | D:6      | 4405 ||| Stepping randomly (starving).
  4406 | D:6      | 4406 ||| Stepping randomly (starving).
  4407 | D:6      | 4407 ||| Stepping randomly (starving).
  4408 | D:6      | 4408 ||| Stepping randomly (starving).
  4409 | D:6      | Quit the game

Vault maps used:
D:1:      dpeg_arrival_round_b, minmay_shallow_snake_nest
D:3:      corexii_shack_village, uniq_robin, uniq_iyjb
D:4:      minitemple, serial_shops, shop
D:5:      lemuel_ratsnest, first_bread, uniq_sigmund, uniq_menkaure
D:6:      minmay_temple_entry_fiery, serial_shops, nicolae_shop_crystal,
          uniq_crazy_yiuf_cottage

Action                   |  1- 3 |  4- 6 |  7- 9 || total
-------------------------+-------+-------+-------++-------
Melee: Dagger            |    25 |       |       ||    25
       Short sword       |    67 |   122 |    13 ||   202
Throw: Tomahawk          |       |       |     4 ||     4
Invok: Berserk           |     1 |     6 |       ||     7
  Use: Scroll            |    10 |     6 |     1 ||    17
       Potion            |     2 |     3 |       ||     5
 Stab: Sleeping          |       |     1 |       ||     1
  Eat: Bread ration      |     1 |       |       ||     1
